cohdb
Replays
Latest Replays
All Replays
Popular Replays
Top Player Replays
Match Explorer
How It Works
Community
CoH3 Stats
Reddit
Sign in to upload your games and track your stats! →
Sign in with Steam
Match 40333993
Unlisted
Match 40333993
Overview
Messages
Build Orders
End
Construct Infanterie Kompanie
Selects Breakthrough Battlegroup
Grenadier Squad
Grenadier Squad
GrW 34 Mortar Team
Infanterie Officer Quarters
Grenadier Squad
MG 42 Machine Gun Team
Construct Panzergrenadier Kompanie
Pak 40 Anti-tank Gun Team
Panzergrenadier Squad
Selects Rapid Production
Selects Assault Grenadiers
Construct Panzer Kompanie
Selects Blitzkrieg
Selects Breakthrough
Breakthrough
Stoßtruppen Squad
Panzer IV Medium Tank
Side Skirts
Breakthrough
Sturmpanzer IV Brummbär
Stoßtruppen Squad
Breakthrough
Panzer IV Medium Tank
Pioneer Squad
Selects Tiger Heavy Tank
Blitzkrieg
Tiger Heavy Tank
Breakthrough
Minjeong Ahh
Hansbeger
Hex
Old Saint Henderson
SgtSteiner
ZyG | IronPriest
0
0
Comments
sign in to comment!
No comments posted yet!